 Dungeon Crawl Stone Soup version 0.24-a0-458-gfcb5e6da0e (webtiles) character file.

Game seed: 4584836498228026769

158 Iscandelvey the Vandal (level 5, -1/38 HPs)
             Began as a Demonspawn Arcane Marksman on June 27, 2019.
             Slain by a worker ant (5 damage)
             ... on level 4 of the Dungeon.
             The game lasted 00:02:19 (2839 turns).

Iscandelvey the Vandal (Demonspawn Arcane Marksman) Turns: 2839, Time: 00:02:21

Health: -1/38      AC:  2    Str: 11    XL:     5   Next: 16%
Magic:  0/6        EV: 12    Int: 15    God:
Gold:   103        SH:  0    Dex: 13    Spells: 5/6 levels left

rFire    . . .     SeeInvis .   a - +0 hunting sling
rCold    . . .     Gourm    .   (no shield)
rNeg     . . .     Faith    .   e - +0 robe
rPois    .         Spirit   +   (no helmet)
rElec    .         Reflect  .   (no cloak)
rCorr    .         Harm     .   (no gloves)
MR       .....                  (no boots)
Stlth    +.........             (no amulet)
HPRegen  0.12/turn              (no ring)
MPRegen  0.10/turn              (no ring)

@: no status effects
A: magic shield
a: no special abilities


You were on level 4 of the Dungeon.
You were not hungry.

You visited 1 branch of the dungeon, and saw 4 of its levels.

You collected 103 gold pieces.

Inventory:

Hand Weapons
 a - a +0 hunting sling (weapon)
Missiles
 g - 170 stones (quivered)
Armour
 e - a +0 robe (worn)
Jewellery
 p - an uncursed ring of wizardry {unknown}
Wands
 r - a wand of scattershot (5)
Scrolls
 b - 3 scrolls of remove curse {unknown}
 d - 2 scrolls of teleportation {unknown}
 l - a scroll of blinking {unknown}
 o - a scroll of random uselessness {unknown}
 q - a scroll of immolation {unknown}
Potions
 c - a potion of lignification {unknown}
 h - a potion of mutation {unknown}
 i - 2 potions of might {unknown}
 j - a potion of resistance
 k - 2 potions of curing {unknown}
 m - a potion of flight {unknown}
 s - a potion of heal wounds {unknown}
Comestibles
 f - 4 rations


   Skills:
 * Level 1.7 Fighting
 - Level 4.1 Slings
 * Level 0.2(2.4) Throwing
 + Level 2.0 Dodging
 - Level 0.1 Stealth
 + Level 1.0 Spellcasting
 + Level 3.6 Hexes


You had 5 spell levels left.
You knew the following spells:

 Your Spells              Type           Power        Failure   Level  Hunger
a - Corona                Hex            ##.....      5%          1    ##.....

Your spell library contained the following spells:

 Spells                   Type           Power        Failure   Level  Hunger
 Slow                     Hex            ##......     9%          2    ###....
 Animate Skeleton         Necr           N/A          24%         1    ##.....
 Pain                     Necr           #...         24%         1    ##.....
 Inner Flame              Hex/Fire       #.......     34%         3    ####...
 Portal Projectile        Hex/Tloc       #.....       34%         3    ####...
 Cause Fear               Hex            ##........   50%         4    #####..
 Regeneration             Chrm/Necr      #.........   58%         3    ####...
 Vampiric Draining        Necr           #.........   58%         3    ####...
 Leda's Liquefaction      Hex/Erth       #.........   75%         4    #####..
 Animate Dead             Necr           N/A          94%         4    #####..


Dungeon Overview and Level Annotations

Branches:
Dungeon (4/15)
 Temple: D:4-7

Altars:
Nemelex Xobeh
Yredelemnul


Innate Abilities, Weirdness & Mutations

When hurt, damage is shared between your health and your magic reserves.


Message History

The orc closely misses you.
The worker ant waves its antennae.
The worker ant barely misses you.
Firing (i - inventory)
g - 172 stones (quivered)
Press: ? - help, Shift-Dir - straight line, f/p - iguana
Aim: an iguana (heavily wounded)
You shoot a stone. The stone hits the orc.
You kill the orc!
The worker ant bites you.
* * * LOW HITPOINT WARNING * * *
Firing (i - inventory)
g - 171 stones (quivered)
Press: ? - help, Shift-Dir - straight line, f/p - iguana
Aim: an iguana (heavily wounded)
You shoot a stone. The stone closely misses the iguana.
The stone hits the giant cockroach.
The giant cockroach is severely wounded.
The worker ant barely misses you. The iguana closely misses you.
A hound comes into view.
The worker ant bites you!
You die...

#. #.# #. #.# #. #.#
.#####(##.#
((((.)(...#
..(.##.#l.# # .
#.#..#
..(.#..#############
.........<(sl@a.....#
#.#.#..############h#
#.#.#..# . .>#..#
.... ....# ###.#


You could see an iguana, a hound (wandering), a worker ant and a giant
cockroach.

Vanquished Creatures
  Terence (D:2)
  2 adders (D:2)
  4 worms
  6 dart slugs
  3 leopard geckos
  13 orcs
  5 bats
  2 giant cockroaches
  9 goblins
  7 hobgoblins
  5 jackals
  5 kobolds
  A ball python (D:2)
  3 frilled lizards
  9 rats
75 creatures vanquished.

Notes
Turn   | Place    | Note
-------+----------+-------------------------------------------
     0 | D:1      | Iscandelvey the Demonspawn Arcane Marksman began the quest
                  | for the Orb.
     0 | D:1      | Reached XP level 1. HP: 15/15 MP: 2/2
    46 | D:1      | Reached skill level 2 in Slings
   114 | D:1      | Gained mutation: When hurt, damage is shared between your
                  | health and your magic reserves. [demonic ancestry]
   114 | D:1      | Reached XP level 2. HP: 21/21 MP: 3/3
   567 | D:1      | Reached XP level 3. HP: 17/26 MP: 4/4
   884 | D:2      | Reached skill level 3 in Slings
  1134 | D:2      | Noticed Terence
  1148 | D:2      | Killed Terence
  1148 | D:2      | Reached XP level 4. HP: 10/32 MP: 1/5
  2034 | D:3      | Found a basalt altar of Yredelemnul.
  2034 | D:3      | Found a sparkling altar of Nemelex Xobeh.
  2140 | D:3      | Reached skill level 4 in Slings
  2359 | D:3      | Reached XP level 5. HP: 38/38 MP: 6/6
  2839 | D:4      | Slain by a worker ant

Levels and vault maps discovered:
D:1:      dpeg_arrival_castle, layout_basic
D:2:      minmay_evil_eye, layout_basic, first_ration, uniq_terence
D:3:      layout_basic, grunt_temple_overflow_open
D:4:      layout_loops_ring, minivault_26

Skill      XL: |  1  2  3  4 |
---------------+-------------+-----
Slings         | 2 3 4 |  4.1
Dodging        | 2 |  2.0
Fighting       | |  1.7
Throwing       | |  0.2
Stealth        | |  0.1
Spellcasting   | |  1.0
Hexes          | |  3.6

Action                   |  1- 3 |  4- 6 || total
-------------------------+-------+-------++-------
 Fire: Hunting sling     |   142 |   136 ||   278
  Eat: Chunk             |       |     6 ||     6
Armor: Robe              |     9 |     6 ||    15
Dodge: Dodged            |    44 |    28 ||    72

Table legend:
 A = Non-vault XP
 B = Vault XP
 C = Vault XP percentage of total XP
 D = Non-vault monster count
 E = Vault monster count
 F = Vault count percentage of total count
                 A         B        C        D         E       F
            +---------+---------+-------+---------+---------+-------
      Total |     189 |      37 |  16.4 |      72 |       3 |   4.0
            +---------+---------+-------+---------+---------+-------
        D:1 |      50 |       0 |   0.0 |      24 |       0 |   0.0
        D:2 |      62 |      37 |  37.4 |      21 |       3 |  12.5
        D:3 |      59 |       0 |   0.0 |      20 |       0 |   0.0
        D:4 |      18 |       0 |   0.0 |       7 |       0 |   0.0
            +---------+---------+-------+---------+---------+-------
